 Dungeon Crawl Stone Soup version 0.28-a0-1415-g7c84da036a (webtiles) character file.

Game seed: 2766024751895698663

21 croobank the Scratcher (level 2, -1/12 HPs)
             Began as a Felid Transmuter on Jan 8, 2022.
             Slain by an adder (4 damage)
             ... on level 1 of the Dungeon.
             The game lasted 00:03:15 (1132 turns).

croobank the Scratcher (Felid Transmuter)           Turns: 1132, Time: 00:03:16

Health: -1/12      AC:  1    Str:  6    XL:     2   Next: 62%
Magic:  6/6        EV: 17    Int: 14    God:
Gold:   38         SH:  0    Dex: 16    Spells: 4/5 levels left
                                        Lives:  0   Deaths: 0

rFire   . . .      SeeInvis +     - Unarmed
rCold   . . .      Faith    .   (shield unavailable)
rNeg    . . .      Spirit   .   (armour unavailable)
rPois   .          Reflect  .   (helmet unavailable)
rElec   .          Harm     .   (cloak unavailable)
rCorr   .          Rampage  .   (gloves unavailable)
Will    .....                   (boots unavailable)
Stlth   +.........              (no amulet)
HPRegen 0.04/turn               f - ring of flight
MPRegen 0.10/turn               (no ring)

@: appendages (expiring), attractive, flying, quick
A: horns 2, very small, claws 1, fangs 3, see invisible, speed 1, shaggy fur 1,
stealthy paws, no weapons or thrown items, no armour, multi-lived
a: End Transformation


You were on level 1 of the Dungeon.
You had temporarily grown beastly horns.
You visited 1 branch of the dungeon, and saw 2 of its levels.

You collected 38 gold pieces.

Inventory:

Missiles
 b - 40 stones
Jewellery
 f - a ring of flight (left paw)
Scrolls
 d - a scroll of enchant weapon {unknown}
 e - a scroll of brand weapon {unknown}
Potions
 a - a potion of degeneration {unknown}
 c - a potion of mutation {unknown}
 g - a potion of attraction


   Skills:
 + Level 1.4 Fighting
 + Level 3.1 Dodging
 + Level 3.2 Unarmed Combat
 + Level 2.2 Spellcasting
 + Level 2.5 Transmutations


You had 4 spell levels left.
You knew the following spells:

 Your Spells              Type           Power      Damage    Failure   Level
a - Beastly Appendage     Tmut           16%        N/A       9%          1

Your spell library contained the following spells:

 Spells                   Type           Power      Damage    Failure   Level
 Wereblood                Tmut           8%         N/A       13%         2
 Spider Form              Tmut/Pois      5%         N/A       38%         3
 Ice Form                 Ice/Tmut       5%         N/A       80%         4


Dungeon Overview and Level Annotations

Branches:
Dungeon (2/15)

Altars:


Innate Abilities, Weirdness & Mutations

You have temporarily grown beastly horns.
You have sharp claws.
You have razor-sharp teeth.
You have supernaturally acute eyesight. (SInv)
You cover ground quickly. (Speed+)
You are covered in fur. (AC +1)
Your paws help you pounce on unaware monsters.
You are incapable of wielding weapons or throwing items.
You cannot wear armour.
You gain extra lives every three experience levels.


Message History

You start memorising the spell.
You continue memorising.
The hobgoblin shouts!
The adder misses you.
You continue memorising.
The adder bites you.
Your memorisation is interrupted.
You are poisoned.
The adder poisons you!
You feel sick. The adder misses you. The goblin barely misses you.
The kobold barely misses you. The adder bites you but does no damage.
You fly upwards.
You feel sick.
There is a stone staircase leading down here.
Casting: Beastly Appendage (safe; 9% risk of failure)
Confirm with . or Enter, or press ? or * to list all spells.
You grow a pair of large bovine horns.
You feel sick. The goblin barely misses you.
The kobold hits you with a +0 whip.
You scratch the goblin.
You kill the goblin!
You feel sick.
You are no longer poisoned.
The kobold hits you but does no damage.
You scratch the kobold.
The kobold is severely wounded.
The kobold closely misses you.
You scratch the kobold but do no damage.
The kobold is severely wounded.
The kobold completely misses you.
You scratch the kobold.
You kill the kobold!
The adder bites you.
* * * LOW HITPOINT WARNING * * *
You see here a +0 club.
You miss the adder. The adder misses you.
It was a potion of attraction.
You feel attractive to monsters.
Your transformation is almost over.
The adder barely misses you.
You miss the adder. The adder barely misses you.
You barely miss the adder. The adder completely misses you.
The adder misses you.
You completely miss the adder. Your claw misses the adder. The adder bites you.
You die...

#.# #.#..# #.##### #..#.#
#.....# ########..#.#
#.###.# #.........#.# #.#
#.# #.#######.#.#
#.###.####.......#.#.#
#.#.....##.......#.#)#
#.#.###.#........#.#.#
#...# #..@S..........#
###.###.#........#.###
##.....#........#.#
#..⌠..##...#....#.# ###
#.....##..###.###.#####..
#.....##.## ##)>)........
###..###..###.#########..
##.......#..........#..
########.#########.#..


You could see an adder.

Vanquished Creatures
  An endoplasm (D:1)
  2 goblins (D:1)
  2 hobgoblins (D:1)
  2 kobolds (D:1)
  A quokka (D:1)
  5 bats (D:1)
  5 frilled lizards (D:1)
  3 rats (D:1)
21 creatures vanquished.

Notes
Turn   | Place    | Note
-------+----------+-------------------------------------------
     0 | D:1      | croobank the Felid Transmuter began the quest for the Orb.
     0 | D:1      | Reached XP level 1. HP: 9/9 MP: 4/4
   396 | D:1      | Reached XP level 2. HP: 12/12 MP: 4/6
  1132 | D:1      | Slain by an adder

Illustrated notes

Levels and vault maps discovered:
D:1:      lightli_arrival_statuegarden, layout_loops_ring,
          hangedman_feature_mirror
D:2:      layout_rooms, basic_altar

Skill      XL: |  1  2 |
---------------+-------+-----
Dodging        | 3 |  3.1
Fighting       | |  1.4
Unarmed Combat | |  3.2
Spellcasting   | |  2.2
Transmutations | |  2.5

Action                   || total
-------------------------++-------
Melee: Unarmed           ||    46
       Headbutt          ||     7
       Bite              ||     1
 Cast: Beastly Appendage ||    13
  Use: Potion            ||     1
 Stab: Sleeping          ||     2
Armor: Skin              ||     3
Dodge: Dodged            ||    34

Table legend: (Time is in decaauts)
 A = Elapsed time spent in this place.
 B = Non-inter-level travel time spent in this place.
 C = Inter-level travel time spent in this place.
 D = Time resting spent in this place.
 E = Time spent auto-exploring this place.
 F = Levels seen in this place.
 G = Mean time per level.
                   A        B        C        D        E       F      G
               +--------+--------+--------+--------+--------+-----+--------+
         Total |    983 |    971 |     12 |      9 |    782 |   2 |  491.5 |
       Dungeon |    983 |    971 |     12 |      9 |    782 |   2 |  491.5 |
               +--------+--------+--------+--------+--------+-----+--------+

Top non-repeatable levels by time:
     D:1: 975 daAuts
     D:2: 7 daAuts
